Bridgeport Sound Tigers vs Brampton Battalion

Created - 28 février 2022 at 19:46

Goals
1 2 3 T
Bridgeport Sound Tigers 0 2 1 3
Brampton Battalion 1 1 3 5
Shots
1 2 3 T
Bridgeport Sound Tigers 19 17 8 44
Brampton Battalion 12 15 18 45

1st period

1. Brampton Battalion , Mark Kastelic 7 (Kole Sherwood 13, Barrett Hayton 46) at 8:00

Penalties :
Barrett Hayton (BAT) for Holding (Minor) at 19:27

2nd period

2. Brampton Battalion , Kole Sherwood 12 (Christian Djoos 33, Dennis Gilbert 18) at 5:56
3. Bridgeport Sound Tigers , Justin Bailey 32 (Ryan Reaves 39, Logan Shaw 8) at 7:38
4. Bridgeport Sound Tigers , Luke Philp 27 (Nick Schilkey 19) at 19:59

Penalties :
Morgan Geekie (BAT) for Fighting (Major) at 9:15, Mark Alt (SND) for Fighting (Major) at 9:15, Zach Trotman (BAT) for Fighting (Major) at 18:55, Nick Wolff (SND) for Fighting (Major) at 18:55

3rd period

5. Bridgeport Sound Tigers , Austin Wagner 26 (Michael Carcone 20, William Borgen 16) at 4:03
6. Brampton Battalion , Paul Cotter 12 (Kristian Vesalainen 19, Austin Poganski 10) at 8:41
7. Brampton Battalion , Barrett Hayton 36 (Martin Kaut 33, Owen Tippett 42) at 14:26
8. Brampton Battalion , Owen Tippett 38 (Barrett Hayton 47, Martin Kaut 34) at 19:09

Penalties :
Justin Bailey (SND) for Hooking (Minor) at 4:50

Goalie Stats

Josef Korenar (SND), 40 saves from 45 shots - (0,889), L, 5-5-1, 60:00 minutes
Garret Sparks (BAT), 41 saves from 44 shots - (0,932), W, 23-24-2, 60:00 minutes

Players Stats for Bridgeport Sound Tigers

Player Name              G  A  P  +/- PIM S  H  SB GA TA FO     MP     PP MP  PK MP  
------------------------------------------------------------------------------------
Alex Dostie              0  0  0  -1  0   0  0  0  0  0  1/1     1:29   0:00   0:00 
Austin Wagner            1  0  1  -1  0   2  2  1  0  0  1/2    20:03   0:54   0:15 
Chris Mueller            0  0  0  -1  0   5  2  1  0  0  5/8    19:48   0:54   0:00 
Cole Cassels             0  0  0  -2  0   0  0  0  0  0  1/1     3:57   0:00   0:31 
Connor Carrick           0  0  0   0  0   0  0  1  0  0  0/0     3:13   0:00   0:00 
Dmitry Sokolov           0  0  0   0  0   1  1  1  0  1  0/0    13:10   0:00   0:00 
Justin Bailey            1  0  1   0  2   7  2  0  2  0  0/1    23:42   1:05   0:00 
Logan Shaw               0  1  1   0  0   2  1  0  1  1  20/34  24:16   1:05   0:40 
Luke Philp               1  0  1   0  0   3  0  0  1  2  8/11   14:48   0:00   1:03 
Mark Alt                 0  0  0  -1  5   3  2  2  0  0  0/0    22:51   1:12   0:57 
Mason Shaw               0  0  0   0  0   0  0  0  0  0  2/4     5:19   0:00   0:00 
Michael Carcone          0  1  1  -1  0   8  4  0  0  1  1/1    20:29   0:54   0:41 
Nick Schilkey            0  1  1   0  0   1  2  1  0  0  0/0    13:10   0:00   0:00 
Nick Wolff               0  0  0  -2  5   1  2  1  0  1  0/0    24:58   0:47   0:10 
Robbie Russo             0  0  0  -2  0   1  1  0  0  1  0/0    21:00   0:44   0:35 
Ryan Reaves              0  1  1  -1  0   3  0  0  1  0  2/2    20:32   1:05   0:48 
Ryan Shea                0  0  0   1  0   0  0  2  0  0  0/0    17:17   0:00   1:02 
William Borgen           0  1  1   1  0   7  2  2  1  0  0/0    27:56   1:15   1:14 

Players Stats for Brampton Battalion

Player Name              G  A  P  +/- PIM S  H  SB GA TA FO     MP     PP MP  PK MP  
------------------------------------------------------------------------------------
Andy Welinski            0  0  0   3  0   1  0  0  0  0  0/0    16:06   0:00   0:00 
Austin Poganski          0  1  1   1  0   3  3  0  0  0  0/2    16:38   0:07   1:08 
Barrett Hayton           1  2  3   2  2   2  1  0  2  0  10/31  24:38   0:59   0:00 
Cam Dineen               0  0  0   2  0   5  0  1  0  0  0/0    14:12   0:00   0:00 
Christian Djoos          0  1  1   1  0   3  3  1  1  2  0/0    27:43   1:05   1:23 
Curtis Hall              0  0  0   1  0   0  0  0  0  0  0/2     4:49   0:07   0:42 
Dennis Gilbert           0  1  1  -2  0   0  1  4  1  0  0/0    18:08   0:54   0:36 
Frederik Gauthier        0  0  0  -2  0   1  0  0  0  1  8/17   16:53   0:53   0:00 
Jake Bean                0  0  0  -1  0   2  1  0  0  1  0/0    18:55   0:54   0:36 
James Sanchez            0  0  0  -2  0   6  2  1  0  1  0/2    17:31   0:53   0:38 
Kole Sherwood            1  1  2   2  0   2  2  0  0  0  0/1     6:48   0:00   0:00 
Kristian Vesalainen      0  1  1   1  0   4  2  0  0  0  0/1    14:56   0:00   0:00 
Mark Kastelic            1  0  1   2  0   1  3  0  0  0  3/4     6:48   0:00   0:00 
Martin Kaut              0  2  2   1  0   0  4  1  0  0  0/0    17:57   0:59   0:00 
Morgan Geekie            0  0  0  -2  5   2  0  0  0  0  0/0    15:06   0:53   0:00 
Owen Tippett             1  1  2   1  0   9  2  1  2  0  0/1    20:11   0:59   1:21 
Paul Cotter              1  0  1   1  0   2  3  0  1  0  3/4    15:44   0:07   0:09 
Zach Trotman             0  0  0   1  5   2  2  2  0  1  0/0    24:55   1:05   1:23 

3 Stars

1 - Kole Sherwood (BAT)
2 - Barrett Hayton (BAT)
3 - Owen Tippett (BAT)

Power Play

Bridgeport Sound Tigers - 0 on 1 Attempt(s) - 0,00%
Brampton Battalion - 0 on 1 Attempt(s) - 0,00%

Penalty Kill

Bridgeport Sound Tigers - 1 on 1 Attempt(s) - 100,00% - Score 0 goal in Penalty Kill
Brampton Battalion - 1 on 1 Attempt(s) - 100,00% - Score 0 goal in Penalty Kill

Team Stat

Bridgeport Sound Tigers - Hits : 21 - Faceoff Wins : 41 - Blocked Shots : 12 - Penalty Minutes : 12
Brampton Battalion - Hits : 29 - Faceoff Wins : 24 - Blocked Shots : 11 - Penalty Minutes : 12

Official

Referees : TJ Luxmore and Andrew Wilk
Linesman : Michel Cormier and Kyle Allen

Game Notes

Connor Carrick is injured at 6:21 of 1st period (Left Foot)
8:00 of 1st period - Brampton Battalion goal is going for a video replay. After video review, Goal.
Morgan Geekie and Mark Alt fight to a draw at 9:15 of 2nd period
Zach Trotman and Nick Wolff fight to a draw at 18:55 of 2nd period

Finance

Level 1 -- Attendance: 1675 (83,75%) -- Ticket Income 58 625 $
Level 2 -- Attendance: 945 (94,50%) -- Ticket Income 14 175 $
Total Attendance: 2620 (87,33%)
Total Ticket Income: 72 800 $
Other Income: 35 672 $
Total Income: 108 472 $

Bridgeport Sound Tigers

5 vs 5 Forward 
   Center                   Left Wing                Right Wing               Time % Phy DF OF 
 1 Logan Shaw               Ryan Reaves              Justin Bailey            40     1   2  2  
 2 Chris Mueller            Michael Carcone          Austin Wagner            30     1   2  2  
 3 Luke Philp               Nick Schilkey            Dmitry Sokolov           20     1   2  2  
 4 Mason Shaw               Logan Shaw               Justin Bailey            10     1   2  2  

5 vs 5 Defense 
   Defense                  Defense                                           Time % Phy DF OF 
 1 Connor Carrick           William Borgen                                    40     1   2  2  
 2 Mark Alt                 Robbie Russo                                      30     1   2  2  
 3 Nick Wolff               Ryan Shea                                         20     1   2  2  
 4 Connor Carrick           William Borgen                                    10     1   2  2  

PowerPlay Forward 
   Center                   Left Wing                Right Wing               Time % Phy DF OF 
 1 Logan Shaw               Ryan Reaves              Justin Bailey            60     1   2  2  
 2 Chris Mueller            Michael Carcone          Austin Wagner            40     1   2  2  

PowerPlay Defense
   Defense                  Defense                                           Time % Phy DF OF 
 1 Connor Carrick           William Borgen                                    60     1   2  2  
 2 Mark Alt                 Robbie Russo                                      40     1   2  2  

Penalty Kill 4 Players Forward 
   Center                   Wing                     Time % Phy DF OF 
 1 Logan Shaw               Justin Bailey            60     1   2  2  
 2 Ryan Reaves              Chris Mueller            40     1   2  2  

Penalty Kill 4 Players Defense
   Defense                  Defense                  Time % Phy DF OF 
 1 Connor Carrick           William Borgen           60     1   2  2  
 2 Mark Alt                 Robbie Russo             40     1   2  2  

Penalty Kill - 3 Players Forward 
   Forward                                           Time % Phy DF OF 
 1 Logan Shaw                                        60     1   2  2  
 2 Justin Bailey                                     40     1   2  2  

Penalty Kill - 3 Players Defense
   Defense                  Defense                  Time % Phy DF OF 
 1 Connor Carrick           William Borgen           60     1   2  2  
 2 Mark Alt                 Robbie Russo             40     1   2  2  

4 vs 4 Forward 
   Center                   Wing                     Time % Phy DF OF 
 1 Logan Shaw               Justin Bailey            60     1   2  2  
 2 Ryan Reaves              Chris Mueller            40     1   2  2  

4 vs 4 Defense
   Defense                  Defense                  Time % Phy DF OF 
 1 Connor Carrick           William Borgen           60     1   2  2  
 2 Mark Alt                 Robbie Russo             40     1   2  2  

Last Minutes Offensive
   Center                   Left Wing                Right Wing               Defense                  Defense                  
   Logan Shaw               Ryan Reaves              Justin Bailey            Connor Carrick           William Borgen           

Last Minutes Defensive
   Center                   Left Wing                Right Wing               Defense                  Defense                  
   Logan Shaw               Ryan Reaves              Justin Bailey            Connor Carrick           William Borgen           

Goaltenders
Starting : Josef Korenar            
Backup : Cal Petersen             

Extra Forwards
Normal : Cole Cassels, Alex Dostie, Luke Philp - PP : Cole Cassels, Alex Dostie - PK : Luke Philp
Extra Defensemen
Normal : Nick Wolff, Ryan Shea, Mark Alt - PP : Nick Wolff - PK : Ryan Shea, Mark Alt
Penalty Shots
Logan Shaw, Justin Bailey, Ryan Reaves, Chris Mueller, Michael Carcone

Scratches
Par Lindholm (Healthy), Hayden Verbeek (Healthy), Charlie Lindgren (Healthy), Tyler Parsons (Healthy)

Brampton Battalion

5 vs 5 Forward 
   Center                   Left Wing                Right Wing               Time % Phy DF OF 
 1 Barrett Hayton           Owen Tippett             Martin Kaut              40     1   2  2  
 2 Frederik Gauthier        James Sanchez            Morgan Geekie            30     1   2  2  
 3 Paul Cotter              Kristian Vesalainen      Austin Poganski          20     1   2  2  
 4 Mark Kastelic            Barrett Hayton           Kole Sherwood            10     1   2  2  

5 vs 5 Defense 
   Defense                  Defense                                           Time % Phy DF OF 
 1 Christian Djoos          Zach Trotman                                      40     1   2  2  
 2 Jake Bean                Dennis Gilbert                                    30     1   2  2  
 3 Andy Welinski            Cam Dineen                                        20     1   2  2  
 4 Christian Djoos          Zach Trotman                                      10     1   2  2  

PowerPlay Forward 
   Center                   Left Wing                Right Wing               Time % Phy DF OF 
 1 Barrett Hayton           Owen Tippett             Martin Kaut              60     1   2  2  
 2 Frederik Gauthier        James Sanchez            Morgan Geekie            40     1   2  2  

PowerPlay Defense
   Defense                  Defense                                           Time % Phy DF OF 
 1 Christian Djoos          Zach Trotman                                      60     1   2  2  
 2 Jake Bean                Dennis Gilbert                                    40     1   2  2  

Penalty Kill 4 Players Forward 
   Center                   Wing                     Time % Phy DF OF 
 1 Barrett Hayton           Owen Tippett             60     1   2  2  
 2 Frederik Gauthier        Martin Kaut              40     1   2  2  

Penalty Kill 4 Players Defense
   Defense                  Defense                  Time % Phy DF OF 
 1 Christian Djoos          Zach Trotman             60     1   2  2  
 2 Jake Bean                Dennis Gilbert           40     1   2  2  

Penalty Kill - 3 Players Forward 
   Forward                                           Time % Phy DF OF 
 1 Barrett Hayton                                    60     1   2  2  
 2 Owen Tippett                                      40     1   2  2  

Penalty Kill - 3 Players Defense
   Defense                  Defense                  Time % Phy DF OF 
 1 Christian Djoos          Zach Trotman             60     1   2  2  
 2 Jake Bean                Dennis Gilbert           40     1   2  2  

4 vs 4 Forward 
   Center                   Wing                     Time % Phy DF OF 
 1 Barrett Hayton           Owen Tippett             60     1   2  2  
 2 Frederik Gauthier        Martin Kaut              40     1   2  2  

4 vs 4 Defense
   Defense                  Defense                  Time % Phy DF OF 
 1 Christian Djoos          Zach Trotman             60     1   2  2  
 2 Jake Bean                Dennis Gilbert           40     1   2  2  

Last Minutes Offensive
   Center                   Left Wing                Right Wing               Defense                  Defense                  
   Barrett Hayton           Owen Tippett             Martin Kaut              Christian Djoos          Zach Trotman             

Last Minutes Defensive
   Center                   Left Wing                Right Wing               Defense                  Defense                  
   Barrett Hayton           Owen Tippett             Martin Kaut              Christian Djoos          Zach Trotman             

Goaltenders
Starting : Garret Sparks            
Backup : Calvin Pickard           

Extra Forwards
Normal : Curtis Hall, Paul Cotter, Austin Poganski - PP : Curtis Hall, Paul Cotter - PK : Austin Poganski
Extra Defensemen
Normal : Andy Welinski, Cam Dineen, Jake Bean - PP : Andy Welinski - PK : Cam Dineen, Jake Bean
Penalty Shots
Barrett Hayton, Owen Tippett, Frederik Gauthier, Martin Kaut, James Sanchez

Scratches
Alexandre Fortin (Healthy), Matt Abt (Healthy), Josh Teves (Healthy), Ryan O'Rourke (Healthy), Hunter Skinner (Healthy)
Leon Gawanke (Healthy), Matt Villalta (Healthy), Brad Thiessen (Healthy)

% Time on Ice - Bridgeport Sound Tigers

Lines # - Real PCT - Wanted PCT - Time Play
Normal Forward
1 - 33% - 40% - 18:27
2 - 34% - 30% - 18:54
3 - 24% - 20% - 13:10
4 - 10% - 10% - 5:19
Normal Defense
1 - 40% - 40% - 22:33
2 - 31% - 30% - 17:07
3 - 20% - 20% - 11:15
4 - 9% - 10% - 4:55
PP Forward
1 - 55% - 60% - 1:05
2 - 45% - 40% - 0:54
PP Defense
1 - 63% - 60% - 1:15
2 - 37% - 40% - 0:44
PK Forward
1 - 100% - 60% - 1:59
2 - 0% - 40% - 0:00
PK Defense
1 - 71% - 60% - 1:24
2 - 29% - 40% - 0:35
PK3 Forward
1 - 0% - 60%
2 - 0% - 40%
PK3 Defense
1 - 0% - 60%
2 - 0% - 40%
44 Forward
1 - 0% - 60%
2 - 0% - 40%
44 Defense
1 - 0% - 60%
2 - 0% - 40%
Last Minute Offensive  - 0:12
Last Minute Defensive  - 0:00
Total
Forward - 60:00
Defense - 60:00

% Time on Ice - Brampton Battalion

Lines # - Real PCT - Wanted PCT - Time Play
Normal Forward
1 - 32% - 40% - 18:05
2 - 29% - 30% - 16:00
3 - 27% - 20% - 14:56
4 - 12% - 10% - 6:48
Normal Defense
1 - 39% - 40% - 21:47
2 - 30% - 30% - 16:38
3 - 24% - 20% - 13:30
4 - 7% - 10% - 3:54
PP Forward
1 - 55% - 60% - 1:06
2 - 45% - 40% - 0:53
PP Defense
1 - 55% - 60% - 1:05
2 - 45% - 40% - 0:54
PK Forward
1 - 100% - 60% - 1:59
2 - 0% - 40% - 0:00
PK Defense
1 - 70% - 60% - 1:23
2 - 30% - 40% - 0:36
PK3 Forward
1 - 0% - 60%
2 - 0% - 40%
PK3 Defense
1 - 0% - 60%
2 - 0% - 40%
44 Forward
1 - 0% - 60%
2 - 0% - 40%
44 Defense
1 - 0% - 60%
2 - 0% - 40%
Last Minute Offensive  - 0:00
Last Minute Defensive  - 0:13
Total
Forward - 60:00
Defense - 60:00

Play-by-Play

1st period


0:01 of 1st period - Ryan Reaves wins face-off versus Barrett Hayton in neutral zone.
0:04 of 1st period - Zach Trotman is hit by William Borgen and loses puck.
0:25 of 1st period - William Borgen is hit by Kristian Vesalainen and loses puck.
0:38 of 1st period - Snap shot by Kristian Vesalainen.
0:38 of 1st period - Shot Blocked by Chris Mueller.
1:00 of 1st period - Off-side.
1:01 of 1st period - Mark Kastelic wins face-off versus Mason Shaw in neutral zone.
1:30 of 1st period - Slapshot by James Sanchez.
1:30 of 1st period - Stopped by Josef Korenar without a rebound.
1:31 of 1st period - Barrett Hayton wins face-off versus Chris Mueller in Bridgeport Sound Tigers zone.
1:32 of 1st period - Wrist shot by Owen Tippett.
1:32 of 1st period - Stopped by Josef Korenar with a rebound.
2:05 of 1st period - Wrist shot by James Sanchez.
2:05 of 1st period - Stopped by Josef Korenar with a rebound.
2:24 of 1st period - Snap shot by Luke Philp.
2:24 of 1st period - Stopped by Garret Sparks without a rebound.
2:25 of 1st period - Logan Shaw wins face-off versus Barrett Hayton in Brampton Battalion zone.
2:28 of 1st period - Wrist shot by Ryan Reaves.
2:28 of 1st period - Stopped by Garret Sparks with a rebound.
2:38 of 1st period - Wrist shot by Owen Tippett.
2:38 of 1st period - Stopped by Josef Korenar with a rebound.
2:40 of 1st period - Wrist shot by Zach Trotman.
2:40 of 1st period - Shot Blocked by Nick Wolff.
3:14 of 1st period - Snap shot by Justin Bailey.
3:14 of 1st period - Stopped by Garret Sparks without a rebound.
3:15 of 1st period - Luke Philp wins face-off versus Barrett Hayton in Brampton Battalion zone.
3:24 of 1st period - Wrist shot by Luke Philp.
3:24 of 1st period - Shot Misses the Net.
3:26 of 1st period - Snap shot by Luke Philp.
3:26 of 1st period - Shot Misses the Net.
3:28 of 1st period - Slapshot by William Borgen.
3:28 of 1st period - Stopped by Garret Sparks with a rebound.
3:30 of 1st period - Slapshot by William Borgen.
3:30 of 1st period - Stopped by Garret Sparks with a rebound.
4:35 of 1st period - Wrist shot by Chris Mueller.
4:35 of 1st period - Stopped by Garret Sparks with a rebound.
4:37 of 1st period - Wrist shot by Michael Carcone.
4:37 of 1st period - Shot Misses the Net.
4:47 of 1st period - Wrist shot by Austin Wagner.
4:47 of 1st period - Shot Blocked by James Sanchez.
4:49 of 1st period - Slapshot by Mark Alt.
4:49 of 1st period - Deflect By Michael Carcone.
4:49 of 1st period - Stopped by Garret Sparks without a rebound.
4:50 of 1st period - Barrett Hayton wins face-off versus Logan Shaw in Brampton Battalion zone.
5:34 of 1st period - Icing by Owen Tippett.
5:35 of 1st period - Mason Shaw wins face-off versus Barrett Hayton in Brampton Battalion zone.
5:46 of 1st period - Slapshot by Justin Bailey.
5:46 of 1st period - Stopped by Garret Sparks with a rebound.
5:48 of 1st period - Slapshot by William Borgen.
5:48 of 1st period - Stopped by Garret Sparks with a rebound.
6:21 of 1st period - Wrist shot by Owen Tippett.
6:21 of 1st period - Shot Blocked by Connor Carrick.
6:21 of 1st period - Connor Carrick from Bridgeport Sound Tigers is injured at 6:21 of 1st period (Left Foot).
6:22 of 1st period - Logan Shaw wins face-off versus Mark Kastelic in Bridgeport Sound Tigers zone.
7:14 of 1st period - Snap shot by Nick Schilkey.
7:14 of 1st period - Shot Misses the Net.
7:16 of 1st period - Slapshot by William Borgen.
7:16 of 1st period - Stopped by Garret Sparks with a rebound.
7:18 of 1st period - Snap shot by Dmitry Sokolov.
7:18 of 1st period - Stopped by Garret Sparks with a rebound.
7:58 of 1st period - Wrist shot by Barrett Hayton.
7:58 of 1st period - Deflect By Kole Sherwood.
7:58 of 1st period - Stopped by Josef Korenar with a rebound.
8:00 of 1st period - Wrist shot by Mark Kastelic.
8:00 of 1st period - Brampton Battalion goal is going for a video replay.
8:00 of 1st period - The goal is good.
8:00 of 1st period - Goal by Mark Kastelic - Bridgeport Sound Tigers : 0 - Brampton Battalion : 1.
8:01 of 1st period - Barrett Hayton wins face-off versus Logan Shaw in neutral zone.
8:11 of 1st period - Wrist shot by Justin Bailey.
8:11 of 1st period - Shot Misses the Net.
8:13 of 1st period - Wrist shot by Logan Shaw.
8:13 of 1st period - Shot Misses the Net.
8:15 of 1st period - Snap shot by Justin Bailey.
8:15 of 1st period - Stopped by Garret Sparks with a rebound.
8:17 of 1st period - Wrist shot by Logan Shaw.
8:17 of 1st period - Stopped by Garret Sparks without a rebound.
8:18 of 1st period - Frederik Gauthier wins face-off versus Chris Mueller in Brampton Battalion zone.
9:10 of 1st period - Dennis Gilbert is hit by Michael Carcone and loses puck.
9:17 of 1st period - Snap shot by Chris Mueller.
9:17 of 1st period - Shot Misses the Net.
9:19 of 1st period - Wrist shot by Michael Carcone.
9:19 of 1st period - Shot Misses the Net.
10:02 of 1st period - Wrist shot by Chris Mueller.
10:02 of 1st period - Stopped by Garret Sparks without a rebound.
10:03 of 1st period - Frederik Gauthier wins face-off versus Justin Bailey in Brampton Battalion zone.
10:28 of 1st period - Nick Wolff is hit by Christian Djoos and loses puck.
10:51 of 1st period - Snap shot by Luke Philp.
10:51 of 1st period - Shot Blocked by Owen Tippett.
11:53 of 1st period - Icing by William Borgen.
11:54 of 1st period - Luke Philp wins face-off versus Kole Sherwood in Bridgeport Sound Tigers zone.
11:54 of 1st period - Luke Philp is hit by Kole Sherwood.
12:00 of 1st period - Kole Sherwood is hit by Nick Schilkey.
12:20 of 1st period - Snap shot by Kristian Vesalainen.
12:20 of 1st period - Shot Misses the Net.
12:48 of 1st period - Logan Shaw is hit by James Sanchez and loses puck.
12:55 of 1st period - James Sanchez is hit by Nick Wolff and loses puck.
13:09 of 1st period - Icing by Dennis Gilbert.
13:10 of 1st period - Paul Cotter wins face-off versus Austin Wagner in Brampton Battalion zone.
13:33 of 1st period - Snap shot by Austin Poganski.
13:33 of 1st period - Shot Blocked by Nick Schilkey.
13:35 of 1st period - Slapshot by Cam Dineen.
13:35 of 1st period - Deflect By Luke Philp.
13:35 of 1st period - Stopped by Josef Korenar without a rebound.
13:36 of 1st period - Logan Shaw wins face-off versus Barrett Hayton in Bridgeport Sound Tigers zone.
13:36 of 1st period - Logan Shaw is hit by Martin Kaut.
13:44 of 1st period - Slapshot by Logan Shaw.
13:44 of 1st period - Stopped by Garret Sparks with a rebound.
13:46 of 1st period - Wrist shot by Ryan Reaves.
13:46 of 1st period - Stopped by Garret Sparks with a rebound.
13:48 of 1st period - Slapshot by Robbie Russo.
13:48 of 1st period - Shot Blocked by Martin Kaut.
14:00 of 1st period - Cam Dineen is hit by Mark Alt and loses puck.
14:04 of 1st period - Icing by Morgan Geekie.
14:05 of 1st period - Frederik Gauthier wins face-off versus Logan Shaw in Brampton Battalion zone.
14:14 of 1st period - Snap shot by James Sanchez.
14:14 of 1st period - Shot Misses the Net.
14:16 of 1st period - Slapshot by James Sanchez.
14:16 of 1st period - Stopped by Josef Korenar with a rebound.
14:18 of 1st period - Snap shot by Zach Trotman.
14:18 of 1st period - Shot Blocked by William Borgen.
14:36 of 1st period - Slapshot by Morgan Geekie.
14:36 of 1st period - Shot Misses the Net.
14:38 of 1st period - Snap shot by Frederik Gauthier.
14:38 of 1st period - Shot Misses the Net.
14:46 of 1st period - Snap shot by Morgan Geekie.
14:46 of 1st period - Stopped by Josef Korenar without a rebound.
14:47 of 1st period - Barrett Hayton wins face-off versus Luke Philp in Bridgeport Sound Tigers zone.
14:52 of 1st period - Snap shot by Owen Tippett.
14:52 of 1st period - Stopped by Josef Korenar with a rebound.
16:08 of 1st period - Icing by Michael Carcone.
16:09 of 1st period - Chris Mueller wins face-off versus Barrett Hayton in Bridgeport Sound Tigers zone.
16:52 of 1st period - Slapshot by Justin Bailey.
16:52 of 1st period - Stopped by Garret Sparks with a rebound.
17:12 of 1st period - Slapshot by Owen Tippett.
17:12 of 1st period - Stopped by Josef Korenar with a rebound.
17:37 of 1st period - Chris Mueller is hit by Zach Trotman and loses puck.
17:52 of 1st period - Snap shot by Justin Bailey.
17:52 of 1st period - Stopped by Garret Sparks without a rebound.
17:53 of 1st period - Mason Shaw wins face-off versus Frederik Gauthier in Brampton Battalion zone.
18:00 of 1st period - Wrist shot by Logan Shaw.
18:00 of 1st period - Shot Misses the Net.
18:18 of 1st period - Chris Mueller is hit by Barrett Hayton and loses puck.
18:40 of 1st period - Wrist shot by Kristian Vesalainen.
18:40 of 1st period - Stopped by Josef Korenar without a rebound.
18:41 of 1st period - Logan Shaw wins face-off versus Kristian Vesalainen in Bridgeport Sound Tigers zone.
18:56 of 1st period - Christian Djoos is hit by Logan Shaw and loses puck.
19:09 of 1st period - Robbie Russo is hit by Owen Tippett and loses puck.
19:27 of 1st period - Minor Penalty to Barrett Hayton for Holding.
19:28 of 1st period - Logan Shaw wins face-off versus Austin Poganski in Brampton Battalion zone.
19:37 of 1st period - Snap shot by Justin Bailey.
19:37 of 1st period - Shot Misses the Net.
19:39 of 1st period - Slapshot by Mark Alt.
19:39 of 1st period - Stopped by Garret Sparks with a rebound.
19:53 of 1st period - Christian Djoos is hit by Michael Carcone and loses puck.
Goals for this period are 0 for Bridgeport Sound Tigers vs 1 for Brampton Battalion.
Shots for this period are 19 for Bridgeport Sound Tigers vs 12 for Brampton Battalion.

2nd period


0:01 of 2nd period - Logan Shaw wins face-off versus Austin Poganski in neutral zone.
0:14 of 2nd period - Austin Poganski is hit by Justin Bailey and loses puck.
1:27 of 2nd period - Penalty to Barrett Hayton is over, Barrett Hayton is back on ice.
2:07 of 2nd period - Snap shot by Barrett Hayton.
2:07 of 2nd period - Shot Misses the Net.
2:09 of 2nd period - Snap shot by Owen Tippett.
2:09 of 2nd period - Shot Blocked by Dmitry Sokolov.
2:11 of 2nd period - Slapshot by Zach Trotman.
2:11 of 2nd period - Stopped by Josef Korenar with a rebound.
2:13 of 2nd period - Wrist shot by Zach Trotman.
2:13 of 2nd period - Shot Misses the Net.
2:15 of 2nd period - Slapshot by Zach Trotman.
2:15 of 2nd period - Deflect By Owen Tippett.
2:15 of 2nd period - Stopped by Josef Korenar with a rebound.
2:17 of 2nd period - Snap shot by Owen Tippett.
2:17 of 2nd period - Shot Misses the Net.
2:19 of 2nd period - Wrist shot by Owen Tippett.
2:19 of 2nd period - Stopped by Josef Korenar without a rebound.
2:20 of 2nd period - Frederik Gauthier wins face-off versus Logan Shaw in Bridgeport Sound Tigers zone.
2:45 of 2nd period - Austin Wagner is hit by Paul Cotter and loses puck.
2:52 of 2nd period - Snap shot by Kristian Vesalainen.
2:52 of 2nd period - Deflect By Austin Poganski.
2:52 of 2nd period - Stopped by Josef Korenar with a rebound.
2:54 of 2nd period - Wrist shot by Kristian Vesalainen.
2:54 of 2nd period - Shot Blocked by Austin Wagner.
2:56 of 2nd period - Snap shot by Austin Poganski.
2:56 of 2nd period - Stopped by Josef Korenar with a rebound.
2:58 of 2nd period - Snap shot by Cam Dineen.
2:58 of 2nd period - Deflect By Kristian Vesalainen.
2:58 of 2nd period - Shot Hit the Post.
2:58 of 2nd period - Puck is out of play.
2:59 of 2nd period - Frederik Gauthier wins face-off versus Logan Shaw in Bridgeport Sound Tigers zone.
3:00 of 2nd period - Slapshot by Morgan Geekie.
3:00 of 2nd period - Shot Blocked by Ryan Shea.
3:41 of 2nd period - Slapshot by William Borgen.
3:41 of 2nd period - Stopped by Garret Sparks with a rebound.
4:19 of 2nd period - Austin Wagner is hit by Austin Poganski and loses puck.
5:36 of 2nd period - Austin Wagner is hit by Martin Kaut and loses puck.
5:47 of 2nd period - Nick Wolff is hit by Mark Kastelic and loses puck.
5:56 of 2nd period - Snap shot by Kole Sherwood.
5:56 of 2nd period - Goal by Kole Sherwood - Bridgeport Sound Tigers : 0 - Brampton Battalion : 2.
5:57 of 2nd period - Logan Shaw wins face-off versus Barrett Hayton in neutral zone.
6:12 of 2nd period - Snap shot by Barrett Hayton.
6:12 of 2nd period - Shot Misses the Net.
6:59 of 2nd period - William Borgen is hit by Austin Poganski.
7:21 of 2nd period - Snap shot by James Sanchez.
7:21 of 2nd period - Stopped by Josef Korenar with a rebound.
7:23 of 2nd period - Snap shot by James Sanchez.
7:23 of 2nd period - Stopped by Josef Korenar with a rebound.
7:25 of 2nd period - Snap shot by Cam Dineen.
7:25 of 2nd period - Stopped by Josef Korenar without a rebound.
7:26 of 2nd period - Frederik Gauthier wins face-off versus Logan Shaw in Bridgeport Sound Tigers zone.
7:38 of 2nd period - Slapshot by Justin Bailey.
7:38 of 2nd period - Deflect By Jake Bean.
7:38 of 2nd period - Goal by Justin Bailey - Bridgeport Sound Tigers : 1 - Brampton Battalion : 2.
7:39 of 2nd period - Barrett Hayton wins face-off versus Logan Shaw in neutral zone.
7:55 of 2nd period - Icing by Nick Wolff.
7:56 of 2nd period - Frederik Gauthier wins face-off versus Logan Shaw in Bridgeport Sound Tigers zone.
8:23 of 2nd period - Wrist shot by Ryan Reaves.
8:23 of 2nd period - Shot Misses the Net.
8:25 of 2nd period - Snap shot by Logan Shaw.
8:25 of 2nd period - Deflect By Morgan Geekie.
8:25 of 2nd period - Shot Misses the Net.
8:25 of 2nd period - Puck is out of play.
8:26 of 2nd period - Chris Mueller wins face-off versus Barrett Hayton in Brampton Battalion zone.
8:31 of 2nd period - Wrist shot by Michael Carcone.
8:31 of 2nd period - Shot Blocked by Dennis Gilbert.
8:33 of 2nd period - Slapshot by Mark Alt.
8:33 of 2nd period - Stopped by Garret Sparks with a rebound.
8:35 of 2nd period - Wrist shot by Mark Alt.
8:35 of 2nd period - Shot Misses the Net.
8:37 of 2nd period - Wrist shot by Michael Carcone.
8:37 of 2nd period - Stopped by Garret Sparks with a rebound.
8:39 of 2nd period - Wrist shot by Michael Carcone.
8:39 of 2nd period - Stopped by Garret Sparks without a rebound.
8:40 of 2nd period - Logan Shaw wins face-off versus Barrett Hayton in Brampton Battalion zone.
8:43 of 2nd period - Snap shot by Ryan Reaves.
8:43 of 2nd period - Stopped by Garret Sparks without a rebound.
8:44 of 2nd period - Ryan Reaves wins face-off versus Barrett Hayton in Brampton Battalion zone.
8:45 of 2nd period - Slapshot by Logan Shaw.
8:45 of 2nd period - Shot Misses the Net.
9:12 of 2nd period - Off-side.
9:13 of 2nd period - Chris Mueller wins face-off versus Frederik Gauthier in neutral zone.
9:15 of 2nd period - Morgan Geekie and Mark Alt fight to a draw.
9:15 of 2nd period - Penalty to Morgan Geekie for Fighting.
9:15 of 2nd period - Penalty to Mark Alt for Fighting.
9:16 of 2nd period - Barrett Hayton wins face-off versus Logan Shaw in Brampton Battalion zone.
9:48 of 2nd period - Wrist shot by Chris Mueller.
9:48 of 2nd period - Shot Misses the Net.
9:50 of 2nd period - Snap shot by Chris Mueller.
9:50 of 2nd period - Stopped by Garret Sparks with a rebound.
9:52 of 2nd period - Snap shot by Austin Wagner.
9:52 of 2nd period - Shot Misses the Net.
10:04 of 2nd period - Snap shot by Luke Philp.
10:04 of 2nd period - Stopped by Garret Sparks with a rebound.
10:06 of 2nd period - Wrist shot by Dmitry Sokolov.
10:06 of 2nd period - Shot Misses the Net.
10:08 of 2nd period - Snap shot by Robbie Russo.
10:08 of 2nd period - Stopped by Garret Sparks without a rebound.
10:09 of 2nd period - Logan Shaw wins face-off versus Barrett Hayton in Brampton Battalion zone.
10:34 of 2nd period - Christian Djoos is hit by Robbie Russo and loses puck.
10:41 of 2nd period - Wrist shot by Michael Carcone.
10:41 of 2nd period - Shot Misses the Net.
11:03 of 2nd period - Snap shot by Austin Poganski.
11:03 of 2nd period - Shot Misses the Net.
11:05 of 2nd period - Snap shot by Kristian Vesalainen.
11:05 of 2nd period - Stopped by Josef Korenar without a rebound.
11:06 of 2nd period - Logan Shaw wins face-off versus Barrett Hayton in Bridgeport Sound Tigers zone.
11:10 of 2nd period - Off-side.
11:11 of 2nd period - Logan Shaw wins face-off versus Barrett Hayton in neutral zone.
11:21 of 2nd period - Off-side.
11:22 of 2nd period - Logan Shaw wins face-off versus Barrett Hayton in neutral zone.
11:49 of 2nd period - Frederik Gauthier is hit by Austin Wagner and loses puck.
11:54 of 2nd period - Slapshot by Michael Carcone.
11:54 of 2nd period - Stopped by Garret Sparks with a rebound.
12:00 of 2nd period - Snap shot by Austin Wagner.
12:00 of 2nd period - Stopped by Garret Sparks without a rebound.
12:01 of 2nd period - Luke Philp wins face-off versus Barrett Hayton in Brampton Battalion zone.
12:02 of 2nd period - Wrist shot by Nick Schilkey.
12:02 of 2nd period - Deflect By Luke Philp.
12:02 of 2nd period - Shot Hit the Post.
12:02 of 2nd period - Puck is out of play.
12:03 of 2nd period - Luke Philp wins face-off versus Barrett Hayton in Brampton Battalion zone.
12:27 of 2nd period - Icing by Nick Wolff.
12:28 of 2nd period - Frederik Gauthier wins face-off versus Luke Philp in Bridgeport Sound Tigers zone.
13:05 of 2nd period - Slapshot by Justin Bailey.
13:05 of 2nd period - Shot Blocked by Zach Trotman.
13:29 of 2nd period - Wrist shot by Paul Cotter.
13:29 of 2nd period - Shot Blocked by Ryan Shea.
13:31 of 2nd period - Slapshot by Austin Poganski.
13:31 of 2nd period - Shot Misses the Net.
13:33 of 2nd period - Backhand shot by Christian Djoos.
13:33 of 2nd period - Stopped by Josef Korenar with a rebound.
14:07 of 2nd period - Robbie Russo is hit by Mark Kastelic and loses puck.
14:38 of 2nd period - Wrist shot by Austin Poganski.
14:38 of 2nd period - Stopped by Josef Korenar with a rebound.
15:31 of 2nd period - Luke Philp is hit by Martin Kaut and loses puck.
16:03 of 2nd period - Logan Shaw is hit by Zach Trotman and loses puck.
16:16 of 2nd period - Frederik Gauthier is hit by Austin Wagner and loses puck.
16:27 of 2nd period - James Sanchez is hit by Dmitry Sokolov and loses puck.
16:46 of 2nd period - Slapshot by Christian Djoos.
16:46 of 2nd period - Stopped by Josef Korenar with a rebound.
16:48 of 2nd period - Slapshot by Zach Trotman.
16:48 of 2nd period - Stopped by Josef Korenar with a rebound.
17:38 of 2nd period - Justin Bailey is hit by Paul Cotter and loses puck.
18:13 of 2nd period - Logan Shaw is hit by Kole Sherwood.
18:17 of 2nd period - Alex Dostie is hit by Mark Kastelic and loses puck.
18:28 of 2nd period - Wrist shot by Barrett Hayton.
18:28 of 2nd period - Shot Misses the Net.
18:30 of 2nd period - Wrist shot by Andy Welinski.
18:30 of 2nd period - Stopped by Josef Korenar without a rebound.
18:31 of 2nd period - Chris Mueller wins face-off versus Frederik Gauthier in Bridgeport Sound Tigers zone.
18:36 of 2nd period - Wrist shot by William Borgen.
18:36 of 2nd period - Stopped by Garret Sparks with a rebound.
18:39 of 2nd period - Icing by Dennis Gilbert.
18:40 of 2nd period - Michael Carcone wins face-off versus Frederik Gauthier in Brampton Battalion zone.
18:43 of 2nd period - Snap shot by Chris Mueller.
18:43 of 2nd period - Stopped by Garret Sparks without a rebound.
18:44 of 2nd period - Chris Mueller wins face-off versus Frederik Gauthier in Brampton Battalion zone.
18:47 of 2nd period - Wrist shot by Chris Mueller.
18:47 of 2nd period - Stopped by Garret Sparks with a rebound.
18:49 of 2nd period - Snap shot by Austin Wagner.
18:49 of 2nd period - Shot Misses the Net.
18:51 of 2nd period - Slapshot by Nick Wolff.
18:51 of 2nd period - Shot Blocked by Zach Trotman.
18:53 of 2nd period - Slapshot by Michael Carcone.
18:53 of 2nd period - Stopped by Garret Sparks with a rebound.
18:55 of 2nd period - Backhand shot by Nick Wolff.
18:55 of 2nd period - Deflect By Frederik Gauthier.
18:55 of 2nd period - Stopped by Garret Sparks without a rebound.
18:55 of 2nd period - Zach Trotman and Nick Wolff fight to a draw.
18:55 of 2nd period - Penalty to Zach Trotman for Fighting.
18:55 of 2nd period - Penalty to Nick Wolff for Fighting.
18:56 of 2nd period - Logan Shaw wins face-off versus Owen Tippett in Brampton Battalion zone.
19:28 of 2nd period - Andy Welinski is hit by Mark Alt and loses puck.
19:39 of 2nd period - Wrist shot by Michael Carcone.
19:39 of 2nd period - Shot Misses the Net.
19:51 of 2nd period - Icing by James Sanchez.
19:52 of 2nd period - Luke Philp wins face-off versus Frederik Gauthier in Brampton Battalion zone.
19:53 of 2nd period - Slapshot by Nick Schilkey.
19:53 of 2nd period - Shot Blocked by Dennis Gilbert.
19:55 of 2nd period - Snap shot by Nick Schilkey.
19:55 of 2nd period - Shot Misses the Net.
19:57 of 2nd period - Snap shot by Nick Schilkey.
19:57 of 2nd period - Shot Blocked by Dennis Gilbert.
19:59 of 2nd period - Snap shot by Luke Philp.
19:59 of 2nd period - Goal by Luke Philp - Bridgeport Sound Tigers : 2 - Brampton Battalion : 2.
Goals for this period are 2 for Bridgeport Sound Tigers vs 1 for Brampton Battalion.
Shots for this period are 17 for Bridgeport Sound Tigers vs 15 for Brampton Battalion.

3rd period


0:01 of 3rd period - Barrett Hayton wins face-off versus Logan Shaw in neutral zone.
0:46 of 3rd period - Frederik Gauthier is hit by William Borgen and loses puck.
1:29 of 3rd period - Slapshot by William Borgen.
1:29 of 3rd period - Stopped by Garret Sparks with a rebound.
1:47 of 3rd period - Snap shot by Austin Wagner.
1:47 of 3rd period - Shot Misses the Net.
2:43 of 3rd period - Luke Philp is hit by Austin Poganski and loses puck.
3:08 of 3rd period - Snap shot by Morgan Geekie.
3:08 of 3rd period - Stopped by Josef Korenar without a rebound.
3:09 of 3rd period - Alex Dostie wins face-off versus James Sanchez in Bridgeport Sound Tigers zone.
3:09 of 3rd period - Alex Dostie is hit by Christian Djoos.
3:22 of 3rd period - Andy Welinski is hit by Nick Schilkey and loses puck.
3:33 of 3rd period - Ryan Reaves is hit by Paul Cotter and loses puck.
3:42 of 3rd period - Wrist shot by Kristian Vesalainen.
3:42 of 3rd period - Shot Misses the Net.
3:44 of 3rd period - Slapshot by Cam Dineen.
3:44 of 3rd period - Stopped by Josef Korenar with a rebound.
3:54 of 3rd period - Barrett Hayton is hit by Michael Carcone and loses puck.
4:01 of 3rd period - Snap shot by Michael Carcone.
4:01 of 3rd period - Stopped by Garret Sparks with a rebound.
4:03 of 3rd period - Slapshot by Austin Wagner.
4:03 of 3rd period - Goal by Austin Wagner - Bridgeport Sound Tigers : 3 - Brampton Battalion : 2.
4:04 of 3rd period - Barrett Hayton wins face-off versus Logan Shaw in neutral zone.
4:15 of 3rd period - Christian Djoos is hit by Justin Bailey and loses puck.
4:50 of 3rd period - Minor Penalty to Justin Bailey for Hooking.
4:51 of 3rd period - Luke Philp wins face-off versus Barrett Hayton in Bridgeport Sound Tigers zone.
5:02 of 3rd period - Ryan Shea is hit by Jake Bean.
6:50 of 3rd period - Penalty to Justin Bailey is over, Justin Bailey is back on ice.
6:51 of 3rd period - Snap shot by Austin Poganski.
6:51 of 3rd period - Shot Blocked by William Borgen.
6:57 of 3rd period - Snap shot by Paul Cotter.
6:57 of 3rd period - Shot Misses the Net.
6:59 of 3rd period - Snap shot by Cam Dineen.
6:59 of 3rd period - Shot Blocked by Mark Alt.
7:09 of 3rd period - Slapshot by William Borgen.
7:09 of 3rd period - Shot Blocked by Cam Dineen.
7:11 of 3rd period - Snap shot by Mark Alt.
7:11 of 3rd period - Stopped by Garret Sparks without a rebound.
7:12 of 3rd period - Mark Kastelic wins face-off versus Chris Mueller in Brampton Battalion zone.
7:34 of 3rd period - Dennis Gilbert is hit by Chris Mueller.
7:42 of 3rd period - Austin Poganski is hit by Michael Carcone and loses puck.
7:51 of 3rd period - Andy Welinski is hit by Nick Wolff and loses puck.
8:00 of 3rd period - Ryan Shea is hit by Kristian Vesalainen and loses puck.
8:11 of 3rd period - Wrist shot by Kristian Vesalainen.
8:11 of 3rd period - Shot Blocked by Mark Alt.
8:13 of 3rd period - Slapshot by Cam Dineen.
8:13 of 3rd period - Stopped by Josef Korenar with a rebound.
8:39 of 3rd period - Wrist shot by Austin Poganski.
8:39 of 3rd period - Deflect By Kristian Vesalainen.
8:39 of 3rd period - Stopped by Josef Korenar with a rebound.
8:41 of 3rd period - Snap shot by Paul Cotter.
8:41 of 3rd period - Goal by Paul Cotter - Bridgeport Sound Tigers : 3 - Brampton Battalion : 3.
8:42 of 3rd period - Logan Shaw wins face-off versus Barrett Hayton in neutral zone.
8:51 of 3rd period - Slapshot by Christian Djoos.
8:51 of 3rd period - Deflect By Barrett Hayton.
8:51 of 3rd period - Shot Misses the Net.
8:51 of 3rd period - Puck is out of play.
8:52 of 3rd period - Logan Shaw wins face-off versus Barrett Hayton in Bridgeport Sound Tigers zone.
9:27 of 3rd period - Snap shot by Barrett Hayton.
9:27 of 3rd period - Shot Misses the Net.
9:29 of 3rd period - Slapshot by Zach Trotman.
9:29 of 3rd period - Deflect By Barrett Hayton.
9:29 of 3rd period - Stopped by Josef Korenar without a rebound.
9:30 of 3rd period - Luke Philp wins face-off versus Frederik Gauthier in Bridgeport Sound Tigers zone.
9:30 of 3rd period - Luke Philp is hit by James Sanchez.
9:43 of 3rd period - Snap shot by Morgan Geekie.
9:43 of 3rd period - Shot Misses the Net.
10:18 of 3rd period - Icing by Jake Bean.
10:19 of 3rd period - Mark Kastelic wins face-off versus Logan Shaw in Brampton Battalion zone.
10:26 of 3rd period - Wrist shot by Logan Shaw.
10:26 of 3rd period - Deflect By Kole Sherwood.
10:26 of 3rd period - Shot Misses the Net.
10:26 of 3rd period - Puck is out of play.
10:27 of 3rd period - Logan Shaw wins face-off versus Frederik Gauthier in Brampton Battalion zone.
10:30 of 3rd period - Wrist shot by Ryan Reaves.
10:30 of 3rd period - Shot Blocked by Christian Djoos.
10:32 of 3rd period - Wrist shot by Justin Bailey.
10:32 of 3rd period - Stopped by Garret Sparks with a rebound.
10:34 of 3rd period - Slapshot by Mark Alt.
10:34 of 3rd period - Shot Misses the Net.
10:54 of 3rd period - Chris Mueller is hit by Martin Kaut and loses puck.
11:13 of 3rd period - Wrist shot by Nick Schilkey.
11:13 of 3rd period - Stopped by Garret Sparks without a rebound.
11:14 of 3rd period - Paul Cotter wins face-off versus Luke Philp in Brampton Battalion zone.
12:02 of 3rd period - Slapshot by Christian Djoos.
12:02 of 3rd period - Deflect By Michael Carcone.
12:02 of 3rd period - Stopped by Josef Korenar with a rebound.
12:08 of 3rd period - Wrist shot by Morgan Geekie.
12:08 of 3rd period - Shot Misses the Net.
12:10 of 3rd period - Snap shot by James Sanchez.
12:10 of 3rd period - Stopped by Josef Korenar with a rebound.
12:12 of 3rd period - Snap shot by Frederik Gauthier.
12:12 of 3rd period - Shot Misses the Net.
12:26 of 3rd period - Snap shot by Barrett Hayton.
12:26 of 3rd period - Shot Misses the Net.
12:28 of 3rd period - Backhand shot by Cam Dineen.
12:28 of 3rd period - Stopped by Josef Korenar with a rebound.
12:30 of 3rd period - Slapshot by Cam Dineen.
12:30 of 3rd period - Shot Misses the Net.
12:50 of 3rd period - Backhand shot by Michael Carcone.
12:50 of 3rd period - Stopped by Garret Sparks with a rebound.
12:52 of 3rd period - Slapshot by Ryan Shea.
12:52 of 3rd period - Shot Misses the Net.
12:56 of 3rd period - Slapshot by Michael Carcone.
12:56 of 3rd period - Shot Misses the Net.
13:31 of 3rd period - Wrist shot by Michael Carcone.
13:31 of 3rd period - Deflect By Austin Wagner.
13:31 of 3rd period - Shot Misses the Net.
13:31 of 3rd period - Puck is out of play.
13:32 of 3rd period - Logan Shaw wins face-off versus Barrett Hayton in Brampton Battalion zone.
13:35 of 3rd period - Slapshot by Ryan Reaves.
13:35 of 3rd period - Shot Blocked by Dennis Gilbert.
13:41 of 3rd period - Slapshot by Owen Tippett.
13:41 of 3rd period - Stopped by Josef Korenar without a rebound.
13:42 of 3rd period - Logan Shaw wins face-off versus Barrett Hayton in Bridgeport Sound Tigers zone.
13:42 of 3rd period - Logan Shaw is hit by Christian Djoos.
14:12 of 3rd period - Wrist shot by Owen Tippett.
14:12 of 3rd period - Stopped by Josef Korenar with a rebound.
14:26 of 3rd period - Backhand shot by Barrett Hayton.
14:26 of 3rd period - Goal by Barrett Hayton - Bridgeport Sound Tigers : 3 - Brampton Battalion : 4.
14:27 of 3rd period - Luke Philp wins face-off versus James Sanchez in neutral zone.
14:38 of 3rd period - Snap shot by James Sanchez.
14:38 of 3rd period - Shot Misses the Net.
14:40 of 3rd period - Slapshot by Jake Bean.
14:40 of 3rd period - Deflect By Dmitry Sokolov.
14:40 of 3rd period - Stopped by Josef Korenar with a rebound.
14:42 of 3rd period - Backhand shot by Frederik Gauthier.
14:42 of 3rd period - Stopped by Josef Korenar with a rebound.
15:18 of 3rd period - Off-side.
15:19 of 3rd period - Barrett Hayton wins face-off versus Logan Shaw in neutral zone.
15:44 of 3rd period - Andy Welinski is hit by Chris Mueller and loses puck.
16:14 of 3rd period - Icing by Zach Trotman.
16:15 of 3rd period - Paul Cotter wins face-off versus Mason Shaw in Brampton Battalion zone.
16:30 of 3rd period - Snap shot by Paul Cotter.
16:30 of 3rd period - Shot Misses the Net.
16:42 of 3rd period - Snap shot by Paul Cotter.
16:42 of 3rd period - Deflect By Kristian Vesalainen.
16:42 of 3rd period - Stopped by Josef Korenar with a rebound.
16:44 of 3rd period - Wrist shot by Paul Cotter.
16:44 of 3rd period - Stopped by Josef Korenar with a rebound.
16:46 of 3rd period - Snap shot by Zach Trotman.
16:46 of 3rd period - Shot Misses the Net.
17:25 of 3rd period - Icing by Zach Trotman.
17:26 of 3rd period - Austin Wagner wins face-off versus Paul Cotter in Brampton Battalion zone.
17:41 of 3rd period - Wrist shot by Michael Carcone.
17:41 of 3rd period - Stopped by Garret Sparks with a rebound.
17:56 of 3rd period - Slapshot by Jake Bean.
17:56 of 3rd period - Stopped by Josef Korenar with a rebound.
18:16 of 3rd period - Michael Carcone is hit by Dennis Gilbert.
19:03 of 3rd period - Wrist shot by Martin Kaut.
19:03 of 3rd period - Shot Misses the Net.
19:07 of 3rd period - Snap shot by Owen Tippett.
19:07 of 3rd period - Shot Misses the Net.
19:09 of 3rd period - Snap shot by Owen Tippett.
19:09 of 3rd period - Goal by Owen Tippett - Bridgeport Sound Tigers : 3 - Brampton Battalion : 5.
19:10 of 3rd period - Barrett Hayton wins face-off versus Logan Shaw in neutral zone.
19:15 of 3rd period - William Borgen is hit by Owen Tippett and loses puck.
19:39 of 3rd period - Icing by Dennis Gilbert.
19:40 of 3rd period - Cole Cassels wins face-off versus Curtis Hall in Brampton Battalion zone.
19:48 of 3rd period - Icing by Christian Djoos.
19:49 of 3rd period - Logan Shaw wins face-off versus Curtis Hall in Brampton Battalion zone.
19:50 of 3rd period - Snap shot by Justin Bailey.
19:50 of 3rd period - Deflect By Ryan Reaves.
19:50 of 3rd period - Shot Misses the Net.
19:50 of 3rd period - Puck is out of play.
19:51 of 3rd period - Logan Shaw wins face-off versus Frederik Gauthier in Brampton Battalion zone.
Goals for this period are 1 for Bridgeport Sound Tigers vs 3 for Brampton Battalion.
Shots for this period are 8 for Bridgeport Sound Tigers vs 18 for Brampton Battalion.